AoeStats
← 辉夜夜大小姐

Oasis

509881579Analyzed
4v4 RM · 4d ago on Sep 28, 2026· 48m 45s· 8 players
Game mode
Random Map
Map size
Large (8 player)
Population
200
Speed
Normal
Resources
Standard
Victory
Conquest
Starting age
Dark Age
Ending age
Imperial Age
RankedLock teamsTeams togetherTeam positionsShared explorationLock speedFull tech treeHidden civsTurbo modeCheats
Victory
Defeat
🇨🇳 Tatars · China
1184
+11
🇨🇭 Mongols · Switzerland
1137
+13
🇨🇳 Franks · China
1131
+13
🇨🇳 Georgians · China
1127
+13
🇨🇳 Poles · China
1223
-18
🇨🇳 Varangians · China
1163
-16
🇨🇳 Saxons · China
966
-9
🇨🇳 Spanish · China
919
-7
frickman
8:55 Feudal Age
7:11 Loom
9:34 Double-Bit Axe
12:17 Horse Collar
18:42 Castle Age
17:35 Forging
19:17 Stone Mining
22:42 Fletching
23:54 Gold Mining
25:09 Bodkin Arrow
25:36 Bow Saw
26:05 Gold Shaft Mining
28:18 Wheelbarrow
28:18 Padded Archer Armor
29:40 Leather Archer Armor
29:26 Scale Mail Armor
30:10 Stone Shaft Mining
39:26 Imperial Age
38:38 Hand Cart
41:09 Conscription
40:11 Elite Mangudai
41:28 Hoardings
41:14 Drill
40:18 Capped Ram
42:21 Nomads
41:44 Siege Ram
42:46 Onager
43:29 Bracer
43:40 Forging
43:36 Scale Barding Armor
47:17 Siege Engineers
48:13 Chemistry
47:33 Ballistics
47:24 Masonry
xiweb
8:00 Loom
9:45 Feudal Age
16:49 Castle Age
16:00 Horse Collar
19:47 Double-Bit Axe
20:46 Bloodlines
19:57 Light Cavalry
21:02 Forging
23:56 Wheelbarrow
24:20 Gold Mining
27:43 Heavy Plow
27:56 Bow Saw
28:45 Town Watch
29:15 Husbandry
34:00 Imperial Age
32:13 Hand Cart
32:19 Scale Barding Armor
33:07 Iron Casting
33:25 Chain Barding Armor
36:08 Blast Furnace
35:15 Stone Mining
35:36 Elite Monaspa
36:37 Conscription
37:04 Plate Barding Armor
36:40 Fletching
37:14 Ballistics
37:01 Siege Engineers
37:14 Svan Towers
37:38 Treadmill Crane
38:59 Chemistry
37:55 Murder Holes
38:33 Arrowslits
38:38 Guard Tower
39:28 Masonry
39:30 Aznauri Cavalry
41:44 Bodkin Arrow
42:51 Guilds
42:54 Bracer
43:41 Hoardings
44:20 Herbal Medicine
44:36 Fervor
47:29 Architecture
47:35 Keep
47:29 Caravan
48:01 Coinage
1361331795
0:33 Loom
10:28 Feudal Age
24:07 Castle Age
22:32 Horse Collar
25:38 Double-Bit Axe
30:42 Husbandry
31:47 Heavy Plow
34:58 Wheelbarrow
38:05 Imperial Age
35:38 Gold Mining
37:46 Gold Shaft Mining
37:45 Bloodlines
38:57 Fletching
39:07 Padded Archer Armor
39:37 Caravan
40:20 Conscription
40:47 Fortified Wall
42:07 Heavy Cavalry Archer
44:07 Hand Cart
45:07 Ballistics
45:28 Silk Armor
46:32 Bow Saw
46:43 Bodkin Arrow
47:03 Leather Archer Armor
48:29 Chemistry
47:30 Elite Keshik
辉夜夜大小姐
11:03 Feudal Age
16:21 Castle Age
14:47 Double-Bit Axe
24:49 Wheelbarrow
26:10 Bow Saw
28:04 Gold Mining
29:49 Gold Shaft Mining
29:22 Scale Barding Armor
29:27 Forging
30:40 Chain Barding Armor
30:42 Hand Cart
31:44 Iron Casting
31:20 Loom
34:32 Imperial Age
31:47 Loom
36:13 Husbandry
35:33 Cavalier
38:14 Plate Barding Armor
38:40 Blast Furnace
39:53 Conscription
38:56 Paladin
Akatsukireiha
0:28 Loom
11:15 Feudal Age
13:15 Bloodlines
13:00 Town Watch
14:26 Forging
15:22 Wheelbarrow
15:50 Horse Collar
17:41 Double-Bit Axe
23:26 Castle Age
21:20 Gold Mining
21:21 Stone Mining
26:58 Bow Saw
30:58 Hand Cart
34:44 Imperial Age
33:13 Fortified Wall
33:46 Husbandry
34:27 Iron Casting
33:58 Scale Barding Armor
33:57 Heavy Plow
34:36 Stone Shaft Mining
34:19 Town Patrol
34:26 Vendel Legacy
36:49 Conscription
37:49 Chain Barding Armor
37:25 Cavalier
40:57 Blast Furnace
雪伊⑨
12:07 Feudal Age
15:03 Double-Bit Axe
15:12 Horse Collar
23:29 Castle Age
26:33 Loom
27:22 Fletching
29:16 Heavy Plow
31:18 Wheelbarrow
34:23 Imperial Age
37:24 Imperial Age
40:22 Imperial Age
S个帅哥
14:02 Feudal Age
20:35 Castle Age
19:02 Horse Collar
19:13 Double-Bit Axe
20:28 Stone Mining
22:25 Heavy Plow
22:40 Bow Saw
27:30 Gold Mining
30:37 Fletching
30:47 Padded Archer Armor
30:58 Forging
35:29 Wheelbarrow
34:40 Town Watch
38:13 Imperial Age
35:29 Loom
36:08 Ballistics
37:48 Bodkin Arrow
39:12 Elite Conquistador
40:53 Conscription
41:58 Chemistry
41:09 Fortified Wall
40:54 Murder Holes
41:24 Masonry
43:16 Bombard Tower
43:34 Bracer
43:50 Leather Archer Armor
43:41 Scale Barding Armor
44:11 Iron Casting
46:19 Ring Archer Armor
咸鱼死灵
6:59 Loom
9:20 Feudal Age
11:19 Horse Collar
13:30 Wheelbarrow
13:28 Bloodlines
14:26 Forging
14:22 Scale Barding Armor
18:04 Stone Mining
18:48 Town Watch
19:47 Gold Mining
22:57 Castle Age
24:02 Double-Bit Axe
24:22 Heavy Plow
25:35 Hand Cart
25:39 Bow Saw
26:06 Hand Cart
26:52 Szlachta Privileges
27:31 Iron Casting
27:04 Husbandry
28:41 Chain Barding Armor
36:19 Imperial Age
34:37 Coinage
36:29 Cavalier
38:13 Blast Furnace
37:45 Crop Rotation
37:52 Banking
Connection lost

Rejoining the realm…

Still unreachable

The connection could not be restored.

Session expired

The server has moved on; the page needs a fresh start.